 Dungeon Crawl Stone Soup version 0.18-a0-1203-gbde16db (webtiles) character file.

72 Ijustatesigmund the Skirmisher (level 4, 24/37 HPs)
             Began as a Demonspawn Fighter on Feb 1, 2016.
             Quit the game on level 2 of the Dungeon.
             The game lasted 00:02:48 (1088 turns).

Ijustatesigmund the Skirmisher (Demonspawn Fighter) Turns: 1088, Time: 00:02:48

Health: 24/37      AC:  8    Str: 18    XL:     4   Next: 7%
Magic:  4/4        EV:  7    Int:  9    God:
Gold:   40         SH:  8    Dex: 12    Spells: 0 memorised, 3 levels left

rFire  . . .     SeeInvis .     a - +1 flail
rCold  . . .     Gourm    .     b - +0 scale mail
rNeg   . . .     Faith    .     c - +0 shield
rPois  .         Spirit   .     (no helmet)
rElec  .         Dismiss  .     (no cloak)
rCorr  .         Reflect  .     (no gloves)
SustAt .         Harm     .     (no boots)
MR     .....                    (no amulet)
Stlth  ..........               (no ring)
                                (no ring)

@: slowed, very slow, not resistant to hostile enchantments, extremely
unstealthy
A: talons 1, thin metallic scales 1, powered by death 1
a: no special abilities


You were on level 2 of the Dungeon.
You were hungry.

You visited 1 branch of the dungeon, and saw 2 of its levels.

You collected 40 gold pieces.

Inventory:

Hand Weapons
 a - a +1 flail (weapon)
Armour
 b - a +0 scale mail (worn)
 c - a +0 shield (worn)
Scrolls
 e - a scroll of magic mapping
Potions
 d - a potion of might
 h - 2 potions of cancellation
 i - a potion of haste {unknown}
 j - a potion of lignification
 k - a potion of heal wounds {unknown}
Comestibles
 f - 3 bread rations
 g - 5 meat rations


   Skills:
 + Level 3.7 Fighting
 * Level 3.4 Maces & Flails
 - Level 2.6 Armour
 - Level 2.6 Shields


You had 3 spell levels left.
You didn't know any spells.

Dungeon Overview and Level Annotations

Branches:
Dungeon (2/15)

Altars:
Qazlal
Zin
The Shining One

Shops:
D:2 *


Innate Abilities, Weirdness & Mutations

You have sharp toenails.
You are partially covered in thin metallic scales (AC +2).
You regenerate a little health from kills.


Message History

Jessica looks very angry.
Jessica gestures at you while chanting.
You barely resist.
Jessica drinks a potion.
Jessica is healed!
Your shield and scale mail prevent you from hitting Jessica.
Jessica gestures wildly while chanting.
Jessica blinks!
Jessica points at you and mumbles some strange words.
Pain shoots through your body!
Jessica casts a spell.
Jessica blinks!
You see here a bubbling yellow potion.
Jessica closely misses you.
You closely miss Jessica. Jessica hits you but does no damage.
Jessica hits you.
You sock Jessica!
You kill Jessica!
You have reached level 4!
You feel stronger.
Your demonic ancestry asserts itself...
Your toenails lengthen and sharpen.
Are you sure you want to abandon this character and quit the game? (Confirm with "yes".)

##### #...###########
########...##........#
...[...'...''........+
########...##...[....#
######...##...@....#
###........##...!....#
..').................+
###........##........#
...........##.......)#
........#####........#
........# #........#
........# ##########
........#


There were no monsters in sight!

Vanquished Creatures
  Jessica (D:2)
  An adder (D:2)
  2 giant geckos
  2 ball pythons (D:1)
  8 bats
  8 goblins
  3 hobgoblins
  3 giant newts
  4 kobolds
  3 rats
35 creatures vanquished.

Notes
Turn   | Place    | Note
--------------------------------------------------------------
     0 | D:1      | Ijustatesigmund the Demonspawn Fighter began the quest for the Orb.
     0 | D:1      | Reached XP level 1. HP: 18/18 MP: 1/1
   217 | D:1      | Gained mutation: You regenerate a little health from kills. [demonic ancestry]
   217 | D:1      | Reached XP level 2. HP: 21/24 MP: 2/2
   845 | D:2      | Gained mutation: You are partially covered in thin metallic scales (AC +2). [demonic ancestry]
   845 | D:2      | Reached XP level 3. HP: 29/29 MP: 3/3
   863 | D:2      | Found Zin's Purification Station.
   870 | D:2      | Found a glowing silver altar of Zin.
   893 | D:2      | Found a glowing golden altar of the Shining One.
   979 | D:2      | Found a stormy altar of Qazlal.
  1074 | D:2      | Noticed Jessica
  1087 | D:2      | Killed Jessica
  1087 | D:2      | Gained mutation: You have sharp toenails. [demonic ancestry]
  1087 | D:2      | Reached XP level 4. HP: 22/37 MP: 4/4
  1088 | D:2      | Quit the game

Vault maps used:
D:1:      dpeg_arrival_arbitrary_a
D:2:      old_standard_altar, grunt_qazlal_clouds, zin_purify, uniq_jessica,
          uniq_sigmund

Action                   |  1- 3 |  4- 6 || total
-------------------------+-------+-------++-------
Melee: Flail             |   115 |       ||   115
  Use: Scroll            |     6 |       ||     6
